 Dungeon Crawl Stone Soup version 0.28-a0-1518-gbe868bca14 (webtiles) character file.

Game seed: 7884881301060741244

141 comborobin the Sneak (level 5, 0/38 HPs)
             Began as a Gnoll Brigand on Jan 17, 2022.
             Blown up by Ijyb (8 damage)
             ... with a mindburst bolt
             ... on level 3 of the Dungeon.
             The game lasted 00:02:45 (3468 turns).

comborobin the Sneak (Gnoll Brigand)                Turns: 3468, Time: 00:02:46

Health: 0/38       AC:  3    Str: 10    XL:     5   Next: 24%
Magic:  7/7        EV: 13    Int: 12    God:
Gold:   117        SH:  0    Dex: 14    Spells: 6/6 levels left

rFire   . . .      SeeInvis .   a - +2 mace (drain)
rCold   . . .      Faith    .   (no shield)
rNeg    . . .      Spirit   .   b - +0 robe
rPois   .          Reflect  .   (no helmet)
rElec   .          Harm     .   c - +0 cloak
rCorr   .          Rampage  .   (no gloves)
Will    .....                   (no boots)
Stlth   ++++......              (no amulet)
HPRegen 0.12/turn               (no ring)
MPRegen 0.10/turn               (no ring)

@: about to teleport, flying, unable to read
A: fangs 1, strong nose, distributed training, frail 1, inability to read while
threatened
a: no special abilities


You were on level 3 of the Dungeon.
You visited 1 branch of the dungeon, and saw 3 of its levels.

You collected 117 gold pieces.

Inventory:

Hand Weapons
 a - a +2 mace of draining (weapon)
 o - a +2 dagger
Missiles
 d - 12 poisoned darts (quivered)
 e - 2 curare-tipped darts
Armour
 b - a +0 robe (worn)
 c - a +0 cloak (worn)
 f - a +0 leather armour
 i - a +0 ring mail
Scrolls
 g - a scroll of enchant armour
 m - 4 scrolls of identify
 n - 3 scrolls of amnesia
Potions
 k - 2 potions of berserk rage {unknown}
 l - 2 potions of haste {unknown}
 q - a potion of heal wounds {unknown}
 r - a potion of might {unknown}


   Skills:
 + Level 4.7 Fighting
 + Level 4.7 Short Blades
 + Level 1.4 Long Blades
 + Level 1.4 Axes
 + Level 1.4 Maces & Flails
 + Level 1.4 Polearms
 + Level 1.4 Staves
 + Level 1.4 Slings
 + Level 1.4 Bows
 + Level 1.4 Crossbows
 + Level 4.7 Throwing
 + Level 1.4 Armour
 + Level 2.9 Dodging
 + Level 7.9 Stealth
 + Level 1.4 Shields
 + Level 1.4 Unarmed Combat
 + Level 1.4 Spellcasting
 + Level 1.1 Conjurations
 + Level 1.1 Hexes
 + Level 1.1 Summonings
 + Level 1.1 Necromancy
 + Level 1.1 Translocations
 + Level 1.1 Transmutations
 + Level 1.1 Fire Magic
 + Level 1.1 Ice Magic
 + Level 1.1 Air Magic
 + Level 1.1 Earth Magic
 + Level 1.1 Poison Magic
 + Level 1.6 Invocations
 + Level 1.4 Evocations


You had 6 spell levels left.
You didn't know any spells.
Your spell library was empty.

Dungeon Overview and Level Annotations

Branches:
Dungeon (3/15)

Altars:

Annotations:
D:3 3 runed translucent doors, Ijyb; croobank's ghost, amateur OpSu


Innate Abilities, Weirdness & Mutations

You have very sharp teeth.
Your uncanny sense of smell can sniff out nearby items.
Your experience applies equally to all skills.
You are frail. (-10% HP)
You sometimes lose the ability to read scrolls when taking damage.


Message History

You open the door.
There is an open door here.
You open the door.
A hobgoblin comes into view.
A hobgoblin is nearby!
There is an open door here.
A hobgoblin is nearby!
Found an arbalest.
A hobgoblin is nearby!
The hobgoblin shouts!
You hear a shout!
The hobgoblin misses you.
Ijyb the Twisted Goblin comes into view.
She is wielding a +0 dagger, wearing a +3 leather armour of positive energy and carrying a wand of mindburst (7).
There are monsters nearby!
You hit the hobgoblin. You drain the hobgoblin.
You kill the hobgoblin!
Ijyb zaps a wand.
Your mind is blasted!
Ijyb is nearby!
You barely miss Ijyb.
An adder comes into view.
Ijyb zaps a wand.
Your mind is blasted!
You are too injured to fight recklessly!
You are too injured to fight recklessly!
You are too injured to fight recklessly!
Okay, then.
You aren't carrying any items that you can evoke.
Unknown command.
As you read the scroll of teleportation, it crumbles to dust.
You feel strangely unstable.
Ijyb zaps a wand.
Your mind is blasted!
* * * LOW HITPOINT WARNING * * *
It was a potion of mutation.
You feel extremely strange.
You feel frail.
You lose the ability to read scrolls when threatened.
Ijyb misses you.
It was a potion of flight.
You feel very buoyant.
You fly up into the air.
The adder hisses angrily.
Ijyb zaps a wand.
Your mind is blasted!
You feel threatened and lose the ability to read scrolls!
You die...

#.#............'.............
#.#..........###....#########
#.#..........# #....#
#.################### #.#
#.......... #.# #..........
#.###### #.......... #.##...#
#.......... #.##...#
#..@.......
####.##)..###..g.......
#.....'..)'.'.......)..
#######...###.......... #...#
#.......... ##### #...#
S....#####. .....
#...#......# .....
#####......# ##### #......#
..o.w


You could see Ijyb and an adder.

Vanquished Creatures
  An orc wizard (D:3)
  4 adders
  3 worms (D:2)
  2 dart slugs
  5 orcs
  2 endoplasms
  3 giant cockroaches
  5 goblins
  6 hobgoblins
  A jackal (D:2)
  18 kobolds
  2 quokkas (D:1)
  4 ball pythons
  6 bats
  3 rats
65 creatures vanquished.

Vanquished Creatures (others)
  12 toadstools (D:3)
12 creatures vanquished.

Grand Total: 77 creatures vanquished

Notes
Turn   | Place    | Note
-------+----------+-------------------------------------------
     0 | D:1      | comborobin the Gnoll Brigand began the quest for the Orb.
     0 | D:1      | Reached XP level 1. HP: 20/20 MP: 1/1
   157 | D:1      | Reached XP level 2. HP: 22/26 MP: 2/2
  1032 | D:2      | Reached XP level 3. HP: 31/31 MP: 2/4
  1111 | D:2      | Reached skill level 1 in Invocations
  1228 | D:2      | Found a faded altar of an unknown god.
  1617 | D:2      | Reached skill level 1 in Long Blades
  1617 | D:2      | Reached skill level 1 in Axes
  1617 | D:2      | Reached skill level 1 in Maces & Flails
  1617 | D:2      | Reached skill level 1 in Polearms
  1617 | D:2      | Reached skill level 1 in Staves
  1617 | D:2      | Reached skill level 1 in Slings
  1617 | D:2      | Reached skill level 1 in Bows
  1617 | D:2      | Reached skill level 1 in Crossbows
  1617 | D:2      | Reached skill level 1 in Armour
  1617 | D:2      | Reached skill level 1 in Shields
  1617 | D:2      | Reached skill level 1 in Unarmed Combat
  1617 | D:2      | Reached skill level 1 in Spellcasting
  1617 | D:2      | Reached skill level 1 in Evocations
  1995 | D:2      | Reached XP level 4. HP: 23/38 MP: 5/5
  2599 | D:3      | Reached skill level 1 in Conjurations
  2599 | D:3      | Reached skill level 1 in Hexes
  2599 | D:3      | Reached skill level 1 in Summonings
  2599 | D:3      | Reached skill level 1 in Necromancy
  2599 | D:3      | Reached skill level 1 in Translocations
  2599 | D:3      | Reached skill level 1 in Transmutations
  2599 | D:3      | Reached skill level 1 in Fire Magic
  2599 | D:3      | Reached skill level 1 in Ice Magic
  2599 | D:3      | Reached skill level 1 in Air Magic
  2599 | D:3      | Reached skill level 1 in Earth Magic
  2599 | D:3      | Reached skill level 1 in Poison Magic
  2824 | D:3      | Noticed a scorpion
  2893 | D:3      | Found a runed translucent gate.
  2895 | D:3      | Found a runed translucent gate.
  2895 | D:3      | Found a runed translucent gate.
  2897 | D:3      | Noticed croobank's ghost (amateur OpSu)
  2934 | D:3      | Reached XP level 5. HP: 42/43 MP: 6/6
  3460 | D:3      | Noticed Ijyb
  3467 | D:3      | Gained mutation: You are frail. (-10% HP) [potion of
                  | mutation]
  3467 | D:3      | Gained mutation: You sometimes lose the ability to read
                  | scrolls when taking damage. [potion of mutation]
  3468 | D:3      | Blown up by Ijyb

Illustrated notes

Levels and vault maps discovered:
D:1:      lightli_arrival_maybe_door_vault, layout_loops_ring
D:2:      minmay_chambers_of_twos, layout_loops_ring,
          shapermc_ecumenical_altar_mp_urbaneastern, minmay_circle_x
D:3:      cheibrodos_fertilizer, layout_basic, gammafunk_ghost_split, uniq_ijyb

Skill      XL: |  1  2  3  4 |
---------------+-------------+-----
Invocations    | 1 |  1.6
Long Blades    | 1 |  1.4
Axes           | 1 |  1.4
Maces & Flails | 1 |  1.4
Polearms       | 1 |  1.4
Staves         | 1 |  1.4
Slings         | 1 |  1.4
Bows           | 1 |  1.4
Crossbows      | 1 |  1.4
Armour         | 1 |  1.4
Shields        | 1 |  1.4
Unarmed Combat | 1 |  1.4
Spellcasting   | 1 |  1.4
Evocations     | 1 |  1.4
Conjurations   | 1 |  1.1
Hexes          | 1 |  1.1
Summonings     | 1 |  1.1
Necromancy     | 1 |  1.1
Translocations | 1 |  1.1
Transmutations | 1 |  1.1
Fire Magic     | 1 |  1.1
Ice Magic      | 1 |  1.1
Air Magic      | 1 |  1.1
Earth Magic    | 1 |  1.1
Poison Magic   | 1 |  1.1
Fighting       | |  4.7
Short Blades   | |  4.7
Throwing       | |  4.7
Dodging        | |  2.9
Stealth        | |  7.9

Action                   |  1- 3 |  4- 6 || total
-------------------------+-------+-------++-------
Melee: Dagger            |    93 |    32 ||   125
       Bite              |    11 |     7 ||    18
       Unarmed           |    23 |       ||    23
       Mace              |       |    47 ||    47
       Punch             |       |     2 ||     2
  Use: Scroll            |       |     5 ||     5
       Potion            |       |     2 ||     2
 Stab: Sleeping          |    13 |     5 ||    18
Armor: Robe              |    11 |    12 ||    23
       Ring mail         |    11 |       ||    11
Dodge: Dodged            |    48 |    40 ||    88

Table legend: (Time is in decaauts)
 A = Elapsed time spent in this place.
 B = Non-inter-level travel time spent in this place.
 C = Inter-level travel time spent in this place.
 D = Time resting spent in this place.
 E = Time spent auto-exploring this place.
 F = Levels seen in this place.
 G = Mean time per level.
                   A        B        C        D        E       F      G
               +--------+--------+--------+--------+--------+-----+--------+
         Total |   3453 |   3311 |    142 |    677 |   2068 |   3 | 1151.0 |
       Dungeon |   3453 |   3311 |    142 |    677 |   2068 |   3 | 1151.0 |
               +--------+--------+--------+--------+--------+-----+--------+

Top non-repeatable levels by time:
     D:2: 1606 daAuts
     D:1: 992 daAuts
     D:3: 855 daAuts
